 Dungeon Crawl Stone Soup version 0.23.2-33-g5129a83184 (webtiles) character file.

Game seed: 8507503022715375571

37 troglodite the Charmwright (level 3, 0/24 HPs)
             Began as an Octopode Skald on June 27, 2019.
             Slain by a goblin (3 damage)
             ... led by Robin
             ... on level 2 of the Dungeon.
             The game lasted 00:02:14 (1516 turns).

troglodite the Charmwright (Octopode Skald)         Turns: 1516, Time: 00:02:14

Health: 0/24       AC:  1    Str: 10    XL:     3   Next: 39%
Magic:  6/6        EV: 13    Int: 16    God:
Gold:   42         SH:  3    Dex: 11    Spells: 2/6 levels left

rFire    . . .     SeeInvis .   a - +0 spear
rCold    . . .     Gourm    .   h - +0 buckler
rNeg     . . .     Faith    .   (helmet restricted)
rPois    .         Spirit   .   (no amulet)
rElec    .         Reflect  .   (no ring)
rCorr    .         Harm     .   (no ring)
MR       .....                  (no ring)
Stlth    ++........             (no ring)
HPRegen  0.08/turn              (no ring)
MPRegen  0.10/turn              (no ring)
                                (no ring)
                                (no ring)

@: no status effects
A: almost no armour, stealthy swim, amphibious, 8 rings, constrict 8, camouflage
1, gelatinous body 1
a: no special abilities


You were on level 2 of the Dungeon.
You were not hungry.

You visited 1 branch of the dungeon, and saw 2 of its levels.

You collected 42 gold pieces.

Inventory:

Hand Weapons
 a - a +0 spear (weapon)
Armour
 h - a +0 buckler (worn)
Jewellery
 k - an uncursed amulet of rage {unknown}
Scrolls
 d - 2 scrolls of identify {unknown}
 e - 3 scrolls of remove curse {unknown}
Potions
 b - a potion of curing {unknown}
 f - a potion of haste {unknown}
 g - a potion of might {unknown}
 i - 2 potions of berserk rage {unknown}
 j - a potion of mutation {unknown}
Comestibles
 c - 2 rations
 l - 5 chunks of flesh


   Skills:
 * Level 2.1 Fighting
 * Level 2.4 Polearms
 + Level 2.6 Dodging
 + Level 0.2 Stealth
 * Level 0.6 Shields
 * Level 2.2 Spellcasting
 * Level 3.4 Charms


You had 2 spell levels left.
You knew the following spells:

 Your Spells              Type           Power        Failure   Level  Hunger
a - Infusion              Chrm           ##..         8%          1    #......
b - Spectral Weapon       Hex/Chrm       #.......     41%         3    ###....

Your spell library contained the following spells:

 Spells                   Type           Power        Failure   Level  Hunger
 Song of Slaying          Chrm           ##......     11%         2    ###....
 Shroud of Golubria       Chrm/Tloc      #.........   22%         2    ###....
 Regeneration             Chrm/Necr      #.........   41%         3    ###....


Dungeon Overview and Level Annotations

Branches:
Dungeon (2/15)

Altars:

Annotations:
D:2 Robin


Innate Abilities, Weirdness & Mutations

You cannot wear most types of armour.
You are very stealthy in the water. (Stealth+)
You are amphibious.
You can wear up to eight rings at the same time.
You can use your tentacles to constrict eight enemies at once.
Your skin changes colour to match your surroundings (Stealth+).
Your rubbery body absorbs attacks. (AC +1, EV +1)


Message History

You hit the goblin. You grab the goblin.
The goblin is severely wounded.
You constrict the goblin.
You kill the goblin!
You see here a goblin corpse.
Robin's horned helmet rattles.
The goblin no longer looks unusually strong.
You see here a +0 club.
Things that are here:
a +0 dagger of venom; a +0 club Robin roars a battlecry!
The goblin goes into a battle-frenzy!
Robin throws the goblin at you!
* * * LOW HITPOINT WARNING * * *
The goblin completely misses you.
You barely miss the goblin. Your grab misses the goblin. The goblin hits you.
* * * LOW HITPOINT WARNING * * *
The goblin completely misses you. The goblin hits you.
You die...

#######.###
#.........#
#.#####.#.#
##.#####.#.....#.#
...............#.#
##.#####.#.#g.(#.#
#.#.#...#.#
#.#####.#.#g..#.#
...........@#.#.#
#.#####.#.#...#.#
#.#.##..#.#
#.#.##....#
#.#.###...#
#.#.###...###
..#.......#..
########..#.#
######
.........#.#
#..).รท


You could see Robin and a goblin.

Vanquished Creatures
  An adder (D:2)
  A dart slug (D:2)
  A leopard gecko (D:1)
  2 giant cockroaches (D:2)
  6 goblins (D:2)
  3 hobgoblins
  4 bats
  2 frilled lizards (D:1)
  A kobold (D:2)
  3 rats
24 creatures vanquished.

Notes
Turn   | Place    | Note
-------+----------+-------------------------------------------
     0 | D:1      | troglodite the Octopode Skald began the quest for the Orb.
     0 | D:1      | Reached XP level 1. HP: 14/14 MP: 3/3
   592 | D:1      | Reached XP level 2. HP: 9/19 MP: 5/5
  1337 | D:2      | Reached XP level 3. HP: 24/24 MP: 6/6
  1370 | D:2      | Learned a level 3 spell: Spectral Weapon
  1453 | D:2      | Noticed Robin
  1516 | D:2      | Slain by a goblin

Action                   || total
-------------------------++-------
Melee: Spear             ||    62
       Constrict         ||    11
       Tentacles         ||    10
 Cast: Spectral Weapon   ||     1
 Stab: Sleeping          ||     4
  Eat: Chunk             ||     2
Armor: Skin              ||     7
Dodge: Dodged            ||    29
Block: Buckler           ||     1
